gelrath, lawful female dwarven Valkyrie --- ---- -------- |.| |.. ......|---- |.| |.. ....|)+%| |.| +..- ...|+m=| --- |.| |..| -----..|@@.| --.---------- |.- ---..| |((.|..--|---+- |...........| . ....| |(].-....f........- |....------.--- -. ....|---- |.(.|......--+- | --.--- |...| |.- -...|(((|+------..{...| |.| ---.--|.| +...|(((|.............| |.| |...|.| |...|...|-+-.....---.-- |.| |...|.----...--|-| |..-+-- .. |.| |.......|........| |..| --- |.| --......|..#.....----..| |.| -----......|-....{........| |.--- --......|...--..|....#.....-------- | |...-- |.<...--|.......--.....................| -....| |...--- |..---............-------------- |.....| ----- ---- ---.....|....| |.|.--- --.|.---.--- -- -- ----- --- gelrath the Skirmisher Experience level: 4 Strength: 18/08 Dexterity: 11 Constitution: 14 Intelligence: 7 Wisdom: 9 Charisma: 9 Health: 0(38) Energy: 4(4) Def: 5 Gold: 576 Moves: 1915 Dungeon seed: oU5LCTti9ovEDl25 Game ID: gelrath_1643130963 Your Inventory: Coins $ - 576 gold pieces Weapons a - a blessed +1 long sword (weapon in hand) b - a +0 dagger Armor e - a blessed +3 small shield (being worn) q - an uncursed +0 elven cloak (being worn) r - an uncursed +0 orcish helm y - an uncursed +0 pair of gauntlets of power Comestibles c - 2 uncursed food rations f - 2 uncursed tripe rations o - an uncursed cram ration x - an uncursed candy bar Scrolls m - an uncursed scroll of stinking cloud Potions d - an uncursed potion of hallucination v - an uncursed potion of enlightenment w - an uncursed potion of water B - an uncursed potion of levitation Tools p - an uncursed lock pick t - an uncursed tin whistle u - an uncursed oil lamp (0:1192) A - an uncursed wax candle (0:400) C - an uncursed magic whistle Gems n - an uncursed worthless piece of red glass z - 2 uncursed worthless pieces of green glass N - 2 uncursed worthless pieces of blue glass Spells and supernatural/magical abilities: Name Level Category Fail Memory W - pray for help -- divine ? -- Your skills at the end: Fighting Skills Weapon Skills dagger [Basic] long sword [Basic] Spellcasting Skills Final Attributes: You were piously aligned. You were cold resistant. You had infravision. You were stealthy. You were held by a giant mimic. You are dead. Vanquished creatures: a shrieker a gnome lord a giant ant a little dog a rothe 2 iguanas a hobgoblin 2 yellow molds 6 gnomes 4 garter snakes a gecko a fox a kobold 2 goblins 4 sewer rats 2 grid bugs 3 bats 5 lichens 2 kobold zombies 2 newts 43 creatures vanquished. Voluntary challenges: You used a wielded weapon 31 times, starting on turn 20. You were illiterate. You never genocided any monsters. You never polymorphed an object. You never changed form. You used no wishes. You never split a pudding. You never wrote Elbereth's name. You never violated your personal moral code. Dungeon overview: The Dungeons of Doom: levels 1 to 5 Level 1 some fountains a long staircase Level 2 a fountain Level 3 an armor shop, a fountain Level 4 some altars to Tyr and Loki, a fountain stairs to The Gnomish Mines Level 5 The Gnomish Mines: levels 5 to 7 Level 5 stairs to The Dungeons of Doom Level 6 Level 7 <- You were here some shops, some fountains, some trees History has recorded: On T:1 you entered the Dungeons of Doom to retrieve the Amulet of Yendor! On T:26 you reached level 2 of The Dungeons of Doom. On T:299 you reached level 3 of The Dungeons of Doom. On T:354 you advanced to experience level 2. On T:788 you reached level 4 of The Dungeons of Doom. On T:1021 you advanced to experience level 3. On T:1178 you reached level 5 of The Dungeons of Doom. On T:1286 you reached level 1 of The Gnomish Mines. On T:1637 you reached level 2 of The Gnomish Mines. On T:1740 you advanced to experience level 4. On T:1782 you reached level 3 of The Gnomish Mines. Score breakdown: Gold: 576 ( 9392 points) Experience: 4 levels ( 9649 points) Exploration: 7 levels ( 15.22%) (10954 points) Discoveries: 4 items ( 1.63%) ( 3825 points) Valuables value: (no points given unless you survive) Artifact value: 0 ( 0 points) Variety of kills: 20 monsters ( 5.25%) ( 6873 points) Turncount: 1915 turns ( 0 points) Survival: died (score multiplied by 80%) Total score: 32554 Latest messages: You see here a tallow candle (13 zorkmids). You see here a tin whistle (13 zorkmids). You see here a whistle (13 zorkmids). "For you, honored lady; only 13 for this whistle." C - a whistle (unpaid, 13 zorkmids). You see here a tin whistle (13 zorkmids). You see here a key (13 zorkmids). You see here a tallow candle (13 zorkmids). You see here a key (13 zorkmids). You bought a whistle for 13 gold pieces. "Thank you for shopping in Nosalnef's hardware store!" The door opens. You displace your kitten. "Velkommen, gelrath! Welcome to Kopasker's general store!" Wait! That's a giant mimic! You hit the giant mimic! The giant mimic hits! (2x) You miss the giant mimic. You hit the giant mimic! You miss the giant mimic. You hit the giant mimic! The giant mimic hits! (2x) You die... Kopasker gratefully inherits all your possessions. Final status: Farvel gelrath the Valkyrie, killed by a giant mimic... You died in The Gnomish Mines on dungeon level 7 with 32554 points, and 576 pieces of gold, after 1915 moves. You were level 4 with a maximum of 38 hit points when you died.